 Dungeon Crawl Stone Soup version 0.30-a0-272-gf98c3da03f (webtiles) character file.

Game seed: 17395414088228577098

123 sleeves the Shooter (level 4, -4/36 HPs)
             Began as a Demigod Hunter on Oct 16, 2022.
             Killed from afar by a steam dragon (10 damage)
             ... with a ball of steam
             ... on level 3 of the Dungeon.
             The game lasted 00:02:11 (1702 turns).

sleeves the Shooter (Demigod Hunter)                Turns: 1702, Time: 00:02:12

Health: -4/36      AC:  9    Str: 12    XL:     4   Next: 51%
Magic:  6/6        EV: 12    Int: 11    God:
Gold:   102        SH:  0    Dex: 25    Spells: 3/3 levels left

rFire   . . .      SeeInvis .    a - +0 shortbow
rCold   . . .      Faith    .    (shield currently unavailable)
rNeg    . . .      Spirit   .    m - +3 leather armour "Kawi" {Dex+4}
rPois   .          Reflect  .    o - +0 helmet
rElec   .          Harm     .    p - +0 cloak
rCorr   .          Rampage  .    (no gloves)
Will    .....                    l - +0 pair of boots
Stlth   ++........               (no amulet)
HPRegen 0.26/turn                (no ring)
MPRegen 0.10/turn                (no ring)

@: no status effects
A: high MP 1, forlorn, divine attributes
a: no special abilities


You were on level 3 of the Dungeon.
You visited 1 branch of the dungeon, and saw 3 of its levels.

You collected 102 gold pieces.

Inventory:

Hand Weapons
 a - a +0 shortbow (weapon)
Armour
 l - a +0 pair of boots (worn)
   (You found it on level 1 of the Dungeon)
 m - the +3 leather armour "Kawi" (worn) {Dex+4}
   (You found it on level 2 of the Dungeon)

   Dex:       It affects your dexterity (+4).
 o - a +0 helmet (worn)
   (You found it on level 2 of the Dungeon)
 p - a +0 cloak (worn)
   (You found it on level 2 of the Dungeon)
Scrolls
 b - a scroll of immolation
 c - a scroll of fear {unknown}
 d - 2 scrolls of noise {unknown}
 e - a scroll of amnesia {unknown}
 g - 5 scrolls of teleportation {unknown}
 h - a scroll of enchant armour {unknown}
 j - a scroll of silence {unknown}
 k - 4 scrolls of identify {unknown}
 n - a scroll of poison {unknown}
 r - a scroll of magic mapping {unknown}
Potions
 f - a potion of might {unknown}
 i - a potion of mutation {unknown}
 q - 2 potions of lignification {unknown}


   Skills:
 - Level 1.7 Fighting
 + Level 5.6 Ranged Weapons
 - Level 1.7 Dodging
 - Level 0.8 Stealth


You had 3 spell levels left.
You didn't know any spells.
Your spell library was empty.

Dungeon Overview and Level Annotations

Branches:
Dungeon (3/15)


Innate Abilities, Weirdness & Mutations

You have an increased reservoir of magic. (+10% MP)
You shall have no god before yourself.
Your divine heritage dramatically boosts your attributes as you level up.


Message History

Welcome, sleeves the Demigod Hunter.
Everyone else who sought the Orb of Zot has failed.
Will you be different?
Press ? for a list of commands and other information.
Found a staircase leading out of the dungeon.
You open the door.
There is an open door here.
You open the gate.
There is an open gate here.
You now have 10 gold pieces.
d - a scroll labelled PAEPRUQIFI
e - a scroll labelled FUCOSU QEUCVY
f - a grey potion
Found a stone staircase leading down.
There is a stone staircase leading down here.
A frilled lizard comes into view.
The frilled lizard hisses angrily.
A frilled lizard is nearby!
You shoot an arrow.
The arrow barely misses the frilled lizard.
A frilled lizard is nearby!
You shoot an arrow. The arrow misses the frilled lizard.
You shoot an arrow. The arrow hits the frilled lizard!
You kill the frilled lizard!
You see here a frilled lizard corpse.
A bat comes into view.
You see here a scroll labelled DODDAGR LIUMU.
You shoot an arrow. The arrow hits the bat.
The bat is severely wounded.
A bat is nearby!
You shoot an arrow. The arrow closely misses the bat.
The bat barely misses you.
You shoot an arrow. The arrow closely misses the bat.
The bat hits you but does no damage. x2; The bat closely misses you.
A bat is nearby!
You shoot an arrow. The arrow hits the bat!
You kill the bat!
No target in view!
No target in view!
g - a scroll labelled DODDAGR LIUMU Key pressed, stopping explore.
No target in view!
No target in view!
No target in view!
You open the door.
There is an open door here.
h - a scroll labelled RULETHUUDUSS A dart slug comes into view.
A dart slug is nearby!
You shoot an arrow. The arrow hits the dart slug!
The dart slug is severely wounded.
You hear a shout!
The dart slug launches a dart at you. The slug dart misses you.
You shoot an arrow. The arrow hits the dart slug.
You kill the dart slug!
A hobgoblin comes into view.
The hobgoblin shouts!
You hear a shout!
You shoot an arrow. The arrow hits the hobgoblin.
The hobgoblin is heavily wounded.
The hobgoblin closely misses you.
A hobgoblin is nearby!
You shoot an arrow. The arrow closely misses the hobgoblin.
A hobgoblin comes into view.
The hobgoblin closely misses you. The hobgoblin hits you.
You shoot an arrow. The arrow closely misses the hobgoblin.
The hobgoblin hits you but does no damage.
There are monsters nearby!
You shoot an arrow. The arrow hits the hobgoblin.
The hobgoblin is almost dead.
The hobgoblin closely misses you.
There are monsters nearby!
You shoot an arrow. The arrow hits the hobgoblin!
You kill the hobgoblin!
You shoot an arrow. The arrow hits the hobgoblin.
The hobgoblin is almost dead.
You shoot an arrow. The arrow barely misses the hobgoblin.
The hobgoblin hits you.
You shoot an arrow. The arrow barely misses the hobgoblin.
The hobgoblin barely misses you.
The hobgoblin hits you but does no damage.
A hobgoblin is nearby!
A hobgoblin is nearby!
You shoot an arrow. The arrow hits the hobgoblin!
You kill the hobgoblin!
Your Ranged Weapons skill increases to level 4!
Key pressed, stopping explore.
No target in view!
Key pressed, stopping explore.
No target in view!
HP restored.
Found a stone staircase leading down.
You see here a hobgoblin corpse.
You now have 15 gold pieces (gained 5).
You now have 29 gold pieces (gained 14).
g - 2 scrolls labelled DODDAGR LIUMU (gained 1)
You open the door.
There is an open door here.
i - a fuming cyan potion No target in view!
A hobgoblin comes into view.
A hobgoblin is nearby!
A hobgoblin is nearby!
You shoot an arrow. The arrow hits the hobgoblin.
The hobgoblin shouts!
The hobgoblin is heavily wounded.
You shoot an arrow. The arrow barely misses the hobgoblin.
A hobgoblin is nearby!
You shoot an arrow.
The arrow completely misses the hobgoblin.
The hobgoblin hits you.
You shoot an arrow. The arrow closely misses the hobgoblin.
The hobgoblin barely misses you. The hobgoblin closely misses you.
You shoot an arrow. The arrow barely misses the hobgoblin.
The hobgoblin barely misses you.
You shoot an arrow. The arrow barely misses the hobgoblin.
The hobgoblin closely misses you.
You shoot an arrow. The arrow hits the hobgoblin.
You kill the hobgoblin!
No target in view!
No target in view!
No target in view!
No target in view!
No target in view!
You see here a hobgoblin corpse.
Found an escape hatch in the floor.
j - a scroll labelled HOARYQ ONAT
k - a scroll labelled VAGYLEHIHA A kobold comes into view.
It is wielding a +0 short sword.
A kobold is nearby!
A kobold is nearby!
A kobold is nearby!
A kobold is nearby!
A kobold is nearby!
You shoot an arrow. The arrow hits the kobold.
You kill the kobold!
Found a club.
A ball python comes into view.
A ball python is nearby!
You shoot an arrow. The arrow hits the ball python.
You kill the ball python!
You have reached level 2!
You see here a hobgoblin skeleton.
There is an open door here.
Found a stone staircase leading down.
l - a +0 pair of boots
There is an open door here.
There is an open gate here.
You open the door.
There is an open door here.
Done exploring.
You start putting on your armour.
You continue putting on your +0 pair of boots. x4
You finish putting on your +0 pair of boots.
Done exploring.
Done exploring.
Done exploring.
(D) Dungeon
Where to? (? - help)
There is an open gate here.
There is a stone staircase leading down here.
You climb downwards.
There is a stone staircase leading up here.
A bat and a kobold come into view.
The kobold shouts!
The kobold throws a stone.
The stone hits you but does no damage.
A goblin comes into view. It is wielding a +0 dagger.
There are monsters nearby!
There are monsters nearby!
You shoot an arrow. The goblin shouts!
The arrow hits the bat!
You kill the bat!
You shoot an arrow. The arrow hits the kobold!
You kill the kobold!
No target in view!
You shoot an arrow. The arrow hits the goblin!
You kill the goblin!
Items here: ( )) ††.
A bat comes into view.
Found an escape hatch in the ceiling.
A bat is nearby!
A bat is nearby!
A bat is nearby!
You shoot an arrow. The arrow hits the bat.
The bat is severely wounded.
You shoot an arrow. The arrow hits the bat.
You kill the bat!
No target in view!
You open the door.
There is an open door here.
There is an escape hatch in the ceiling here.
A bat comes into view.
You shoot an arrow. The arrow hits the bat.
The bat is severely wounded.
You hear an angry hiss.
An adder comes into view.
You shoot an arrow. The arrow closely misses the bat.
The bat hits you but does no damage.
You shoot an arrow. The arrow closely misses the bat.
The arrow hits the adder.
The adder is moderately wounded.
The bat closely misses you. The adder misses you.
You shoot an arrow. The arrow closely misses the adder.
The arrow closely misses the bat.
The adder bites you but does no damage. The adder closely misses you.
You shoot an arrow. The arrow misses the adder.
The arrow misses the bat.
The adder misses you. The adder closely misses you.
You shoot an arrow. The arrow closely misses the adder.
The arrow closely misses the bat.
The adder bites you.
You shoot an arrow. The arrow misses the adder.
The arrow hits the bat.
You kill the bat!
The adder barely misses you. The adder bites you.
You shoot an arrow. The arrow closely misses the adder.
The adder misses you. The adder bites you but does no damage.
You shoot an arrow. The arrow hits the adder.
The adder is heavily wounded.
The adder bites you but does no damage.
You shoot an arrow. The arrow misses the adder.
The adder closely misses you. The adder bites you but does no damage.
You shoot an arrow. The arrow closely misses the adder.
The adder bites you but does no damage. The adder closely misses you.
You shoot an arrow. The arrow hits the adder!
You kill the adder!
No target in view!
No target in view!
A ball python comes into view.
The ball python hisses angrily.
A ball python is nearby!
A ball python is nearby!
You shoot an arrow.
The arrow closely misses the ball python.
The ball python barely misses you. x2
A ball python is nearby!
You shoot an arrow. The arrow hits the ball python!
You kill the ball python!
A dart slug comes into view.
You shoot an arrow. The arrow hits the dart slug.
The dart slug is severely wounded.
The dart slug launches a dart at you. The slug dart hits you.
A dart slug is nearby!
A dart slug is nearby!
You shoot an arrow. The arrow hits the dart slug!
You kill the dart slug!
No target in view!
No target in view!
HP restored.
Found a stone staircase leading up.
There is a stone staircase leading up here.
Found an escape hatch in the floor.
A bat comes into view.
Found a scroll labelled VAGYLEHIHA.
The bat moves out of view.
No target in view!
A hobgoblin comes into view.
The bat hits you.
You see here 9 gold pieces.
There are monsters nearby!
There are monsters nearby!
You shoot an arrow. The arrow closely misses the bat.
The hobgoblin shouts!
The bat barely misses you. The bat hits you.
You shoot an arrow. The arrow hits the bat!
You kill the bat!
You shoot an arrow. The arrow hits the hobgoblin.
The hobgoblin is heavily wounded.
You shoot an arrow. The arrow closely misses the hobgoblin.
You shoot an arrow. The arrow barely misses the hobgoblin.
A ball python comes into view.
You shoot an arrow. The arrow closely misses the hobgoblin.
The arrow hits the ball python.
You kill the ball python!
The hobgoblin barely misses you. The hobgoblin hits you.
A hobgoblin is nearby!
You shoot an arrow. The arrow closely misses the hobgoblin.
The hobgoblin barely misses you.
You shoot an arrow. The arrow hits the hobgoblin.
The hobgoblin is severely wounded.
The hobgoblin hits you but does no damage.
You shoot an arrow. The arrow barely misses the hobgoblin.
The hobgoblin barely misses you. x2
You shoot an arrow. The arrow closely misses the hobgoblin.
The hobgoblin hits you.
You shoot an arrow. The arrow barely misses the hobgoblin.
The hobgoblin hits you but does no damage.
You shoot an arrow. The arrow hits the hobgoblin!
You kill the hobgoblin!
No target in view!
No target in view!
No target in view!
No target in view!
No target in view!
No target in view!
No target in view!
No target in view!
No target in view!
No target in view!
No target in view!
You now have 38 gold pieces (gained 9).
Found a stone staircase leading down.
k - 2 scrolls labelled VAGYLEHIHA (gained 1)
You now have 46 gold pieces (gained 8).
d - 2 scrolls labelled PAEPRUQIFI (gained 1)
You open the door.
There is an open door here.
You now have 54 gold pieces (gained 8).
You see here the +3 leather armour "Kawi" {Dex+4}.
Found a stone staircase leading up.
You see here the +3 leather armour "Kawi" {Dex+4}.
m - the +3 leather armour "Kawi" {Dex+4} You start removing your armour.
You continue taking off your +0 leather armour. x4
You finish taking off your +0 leather armour.
You start putting on your armour.
You continue putting on the +3 leather armour "Kawi" {Dex+4}. x5
You finish putting on the +3 leather armour "Kawi" {Dex+4}.
You feel agile.
You drop a +0 leather armour.
A kobold comes into view. It is wielding a +0 dagger.
Found a scroll labelled VAGYLEHIHA and a scroll labelled XOL QE LAJISE.
A kobold is nearby!
A kobold is nearby!
A kobold is nearby!
You shoot an arrow. The arrow hits the kobold.
You kill the kobold!
You hear an angry hiss.
A ball python comes into view.
You have reached level 3!
Your experience leads to a dramatic increase in your attributes!
Your base attributes are Str 12, Int 11, Dex 17.
Increase (S)trength, (I)ntelligence, or (D)exterity?
You feel agile. x4
You shoot an arrow.
The arrow barely misses the ball python.
You shoot an arrow. The arrow hits the ball python!
You kill the ball python!
No target in view!
No target in view!
You see here a ball python corpse.
Found a ring mail.
k - 3 scrolls labelled VAGYLEHIHA (gained 1)
You see here a ball python corpse.
c - a scroll labelled XOL QE LAJISE A kobold comes into view.
It is wielding a +0 dagger.
The kobold moves out of view.
You now have 58 gold pieces (gained 4).
No target in view!
Unknown command.
You now have 71 gold pieces (gained 13).
A kobold is nearby!
A kobold is nearby!
You shoot an arrow. The kobold shouts!
The arrow hits the kobold.
The kobold is moderately wounded.
You hear a shout! x2
You shoot an arrow. The arrow hits the kobold.
The kobold is severely wounded.
A gnoll bouda comes into view. It is wielding a +0 whip.
A gnoll comes into view. It is wielding a +0 spear.
The kobold hits you with a +0 dagger.
You shoot an arrow. The arrow hits the kobold!
You kill the kobold!
You shoot an arrow.
The arrow closely misses the gnoll bouda.
The gnoll bouda barks out a call to the hunt!
You hear a shout!
You shoot an arrow. The arrow hits the gnoll bouda.
The gnoll bouda is moderately wounded.
A gnoll comes into view. It is wielding a +0 club.
The gnoll bouda gazes fiercely through you!
You feel your attacks grow feeble.
Unknown command.
There is a stone staircase leading up here.
You shoot an arrow. The arrow hits the gnoll!
The gnoll is heavily wounded.
The gnoll hits you from afar with a +0 spear.
You shoot an arrow. The arrow hits the gnoll.
The gnoll is severely wounded.
Your attacks no longer feel as feeble.
The gnoll barely misses you.
You shoot an arrow. The arrow hits the gnoll bouda.
The gnoll bouda is heavily wounded.
The gnoll bouda closely misses you. The gnoll hits you but does no damage.
The gnoll misses you.
You climb upwards.
There is a stone staircase leading down here.
The gnoll misses you. The gnoll attacks as you move away!
The gnoll closely misses you. The gnoll attacks as you move away!
The gnoll hits you with a +0 club.
The gnoll bouda attacks as you move away!
The gnoll bouda hits you but does no damage.
There is an open door here.
The gnoll attacks as you move away! The gnoll hits you with a +0 club!
The gnoll bouda gazes fiercely through you!
You feel your attacks grow feeble.
You are too injured to fight recklessly!
You are too injured to fight recklessly!
Fire: a) +0 shortbow
Press: ? - help, Q - select action Shift-Dir - straight line, f - gnoll bouda
Aim: a gnoll bouda, wielding a +0 whip and wearing a +0 robe (heavily wounded, 69% to hit)
You shoot an arrow. The arrow hits the gnoll bouda.
The gnoll bouda is severely wounded.
Fire: a) +0 shortbow
Press: ? - help, Q - select action Shift-Dir - straight line, f/p - gnoll bouda
Aim: a gnoll bouda, wielding a +0 whip and wearing a +0 robe (severely wounded, 69% to hit)
You shoot an arrow.
The arrow barely misses the gnoll bouda.
The arrow hits the gnoll!
The gnoll is severely wounded.
The gnoll bouda calls upon its god to heal the gnoll.
The gnoll is healed somewhat.
The gnoll bouda calls upon its god to heal the gnoll.
The gnoll's wounds heal themselves!
Fire: a) +0 shortbow
Press: ? - help, Q - select action Shift-Dir - straight line, f/p - gnoll bouda
Aim: a gnoll bouda, wielding a +0 whip and wearing a +0 robe (severely wounded, 69% to hit)
You shoot an arrow. The arrow hits the gnoll bouda!
You kill the gnoll bouda!
Your Ranged Weapons skill increases to level 5!
Fire: a) +0 shortbow
Press: ? - help, Q - select action Shift-Dir - straight line, f - gnoll
Aim: a gnoll, wielding a +0 club (69% to hit)
You shoot an arrow. The arrow hits the gnoll!
The gnoll is heavily wounded.
The gnoll closely misses you.
Fire: a) +0 shortbow
Press: ? - help, Q - select action Shift-Dir - straight line, f/p - gnoll
Aim: a gnoll, wielding a +0 club (heavily wounded, 69% to hit)
You shoot an arrow.
The arrow hits the gnoll but does no damage.
The gnoll is heavily wounded.
Your attacks no longer feel as feeble.
The gnoll hits you with a +0 club.
Fire: a) +0 shortbow
Press: ? - help, Q - select action Shift-Dir - straight line, f/p - gnoll
Aim: a gnoll, wielding a +0 club (heavily wounded, 69% to hit)
You shoot an arrow. The arrow closely misses the gnoll.
The gnoll closely misses you.
Fire: a) +0 shortbow
Press: ? - help, Q - select action Shift-Dir - straight line, f/p - gnoll
Aim: a gnoll, wielding a +0 club (heavily wounded, 69% to hit)
You shoot an arrow. The arrow hits the gnoll!
You kill the gnoll!
Unknown command.
HP restored.
g - 3 scrolls labelled DODDAGR LIUMU (gained 1)
You see here a +0 club.
g - 4 scrolls labelled DODDAGR LIUMU (gained 1)
You now have 83 gold pieces (gained 12).
Things that are here:
a +0 whip; a +0 robe; a gnoll corpse Done exploring.
Done exploring.
Done exploring.
You can't go down here!
(D) Dungeon
Where to? (Enter - D:2, ? - help)
There is an open door here.
There is a stone staircase leading down here.
You climb downwards.
The gnoll shouts!
There is a stone staircase leading up here.
A gnoll is nearby!
You shoot an arrow. The arrow hits the gnoll.
The gnoll is lightly wounded.
You shoot an arrow. The arrow barely misses the gnoll.
The gnoll misses you.
You shoot an arrow. The arrow hits the gnoll.
The gnoll is moderately wounded.
The gnoll closely misses you.
You shoot an arrow. The arrow closely misses the gnoll.
The gnoll closely misses you.
The gnoll hits you from afar with a +0 spear.
The gnoll hits you from afar with a +0 spear!
You shoot an arrow. The arrow hits the gnoll!
You kill the gnoll!
The gnoll hits you from afar with a +0 spear.
You have reached level 4!
You are too injured to fight recklessly!
You are too injured to fight recklessly!
Fire: a) +0 shortbow
Press: ? - help, Q - select action Shift-Dir - straight line, f - gnoll
Aim: a gnoll, wielding a +0 spear (lightly wounded, 69% to hit)
You shoot an arrow.
The arrow hits the gnoll but does no damage.
The gnoll is lightly wounded.
The gnoll hits you but does no damage.
Unknown command.
Fire: a) +0 shortbow
Press: ? - help, Q - select action Shift-Dir - straight line, f/p - gnoll
Aim: a gnoll, wielding a +0 spear (lightly wounded, 69% to hit)
You shoot an arrow. The arrow hits the gnoll.
The gnoll is heavily wounded.
The gnoll hits you but does no damage.
Fire: a) +0 shortbow
Press: ? - help, Q - select action Shift-Dir - straight line, f/p - gnoll
Aim: a gnoll, wielding a +0 spear (heavily wounded, 69% to hit)
You shoot an arrow. The arrow hits the gnoll!
You kill the gnoll!
HP restored.
You see here a +0 spear.
k - 4 scrolls labelled VAGYLEHIHA (gained 1)
Things that are here:
a +0 leather armour; a +0 dagger; a kobold corpse
Found a stone staircase leading down.
n - a scroll labelled UVEIRIRGH ECAC
o - a +0 helmet
Found a stone staircase leading down.
There is a stone staircase leading down here.
An endoplasm comes into view.
An endoplasm is nearby!
You start putting on your armour.
You continue putting on your +0 helmet. x4
You finish putting on your +0 helmet.
You shoot an arrow. The arrow hits the endoplasm.
The endoplasm quivers.
The endoplasm is moderately wounded.
An adder comes into view.
You shoot an arrow. The arrow hits the endoplasm!
You kill the endoplasm!
You shoot an arrow. The arrow hits the adder!
You kill the adder!
No target in view!
Found a broad axe.
A rat comes into view.
Found a cloak.
A rat is nearby!
You shoot an arrow. The arrow completely misses the rat.
No target in view!
You shoot an arrow. The arrow hits the rat!
You kill the rat!
No target in view!
p - a +0 cloak You start putting on your armour.
You continue putting on your +0 cloak. x4
You finish putting on your +0 cloak.
You open the door.
An adder comes into view.
Found 2 fizzy blue potions.
There is an open door here.
An adder is nearby!
An adder is nearby!
An adder is nearby!
You shoot an arrow.
The arrow hits the adder but does no damage.
You shoot an arrow. The arrow hits the adder.
The adder is lightly wounded.
You shoot an arrow. The arrow hits the adder!
The adder is severely wounded.
The adder closely misses you.
You shoot an arrow. The arrow closely misses the adder.
The adder bites you but does no damage. The adder barely misses you.
You shoot an arrow. The arrow misses the adder.
The adder misses you. The adder bites you but does no damage.
You shoot an arrow. The arrow barely misses the adder.
The adder misses you.
You shoot an arrow. The arrow barely misses the adder.
The adder bites you.
You are poisoned.
The adder poisons you! The adder bites you but does no damage.
You shoot an arrow. The arrow hits the adder.
You kill the adder!
You feel sick.
No target in view!
You feel sick.
You feel sick.
You are no longer poisoned.
q - 2 fizzy blue potions You now have 89 gold pieces (gained 6).
You open the door.
There is an open door here.
There is an open door here.
You see here a +0 ring mail.
Key pressed, stopping explore.
Things that are here:
5 stones; a +0 dagger; a +0 dagger
Found a faded altar of an unknown god.
Found a robe.
r - a scroll labelled JEISIE ENGO
There is a stone staircase leading down here.
g - 5 scrolls labelled DODDAGR LIUMU (gained 1) Done exploring.
Done exploring.
Done exploring.
Done exploring.
You don't know any spells.
Unknown command.
Unknown command.
Unknown command.
Unknown command.
Done exploring.
Done exploring.
Done exploring.
(D) Dungeon
Where to? (Enter - D:2, ? - help)
There is a stone staircase leading down here.
You climb downwards.
There is a stone staircase leading up here.
Unknown command.
A rat and a hobgoblin come into view.
There are monsters nearby!
There are monsters nearby!
You shoot an arrow. The arrow hits the hobgoblin!
You kill the hobgoblin!
You hear a shout!
You shoot an arrow.
The arrow hits the rat but does no damage.
You shoot an arrow. The arrow barely misses the rat.
You shoot an arrow. The arrow hits the rat!
You kill the rat!
An orc comes into view. It is wielding a +0 club.
An orc is nearby!
An orc is nearby!
You shoot an arrow. The arrow hits the orc!
You kill the orc!
An endoplasm comes into view.
You shoot an arrow. The endoplasm quivers.
The arrow hits the endoplasm!
You kill the endoplasm!
No target in view!
You now have 94 gold pieces (gained 5).
You see here a hobgoblin corpse.
A dart slug comes into view.
A dart slug is nearby!
You shoot an arrow. The arrow hits the dart slug.
The dart slug is heavily wounded.
The dart slug launches a dart at you. The slug dart misses you.
You shoot an arrow. The arrow hits the dart slug.
The dart slug is almost dead.
You shoot an arrow.
The arrow hits the dart slug but does no damage.
The dart slug is almost dead.
A dart slug is nearby!
A dart slug is nearby!
You shoot an arrow. The arrow hits the dart slug.
You kill the dart slug!
Found 2 stones.
Found a falchion.
You now have 102 gold pieces (gained 8).
You open the door.
There is an open door here.
A steam dragon comes into view.
You shoot an arrow.
The arrow hits the steam dragon but does no damage.
The steam dragon hisses angrily.
You shoot an arrow.
The arrow closely misses the steam dragon.
You shoot an arrow.
The arrow hits the steam dragon but does no damage.
The steam dragon breathes steam at you. The ball of steam hits you!
You shoot an arrow. The arrow hits the steam dragon.
The steam dragon is lightly wounded.
You shoot an arrow. The arrow hits the steam dragon.
The steam dragon is moderately wounded.
The steam dragon breathes steam at you. The ball of steam hits you!
* * * LOW HITPOINT WARNING * * *
You are engulfed in a cloud of scalding steam.
* * * LOW HITPOINT WARNING * * *
You aren't carrying any items that you can evoke.
You are too injured to fight recklessly!
Fire: a) +0 shortbow
Press: ? - help, Q - select action Shift-Dir - straight line, f/p - steam dragon
Aim: a steam dragon (steam, moderately wounded, 66% to hit)
You shoot an arrow.
The arrow barely misses the steam dragon.
You are engulfed in a cloud of scalding steam.
* * * LOW HITPOINT WARNING * * *
Fire: a) +0 shortbow
Press: ? - help, Q - select action Shift-Dir - straight line, f/p - steam dragon
Aim: a steam dragon (steam, moderately wounded, 66% to hit)
You shoot an arrow. The arrow hits the steam dragon.
The steam dragon is moderately wounded.
You are engulfed in a cloud of scalding steam.
The steam dragon misses you. The steam dragon claws you.
* * * LOW HITPOINT WARNING * * *
Fire: a) +0 shortbow
Press: ? - help, Q - select action Shift-Dir - straight line, f/p - steam dragon
Aim: a steam dragon (moderately wounded, 66% to hit)
You shoot an arrow. The arrow hits the steam dragon.
The steam dragon is heavily wounded.
You are engulfed in a cloud of scalding steam.
The steam dragon breathes steam at you. The ball of steam hits you!
You die...

....†............##.....##
##.........†......# .....#
..................# .....
.....##+#........# ..
...............### ....
###.....##########....
#(......)..# .......
####........# .......
#.........@D##.......
#.........§§.........
.#...........§........
.............#.....#+#..
.........#...'..........
..........#...#.#........
###.......#...#.#........
#.......#...#.#........
#......................


You could see a steam dragon (catching breath).

Vanquished Creatures
  A gnoll bouda (D:1)
  3 adders (D:2)
  3 gnolls
  3 dart slugs
  An orc (D:3)
  4 ball pythons
  5 bats
  2 endoplasms
  A goblin (D:2)
  5 hobgoblins
  A frilled lizard (D:1)
  4 kobolds
  2 rats
35 creatures vanquished.

Notes
Turn   | Place    | Note
-------+----------+-------------------------------------------
     0 | D:1      | sleeves the Demigod Hunter began the quest for the Orb.
     0 | D:1      | Reached XP level 1. HP: 17/17 MP: 3/3
   172 | D:1      | Reached skill level 4 in Ranged Weapons
   414 | D:1      | Reached XP level 2. HP: 24/24 MP: 4/4
   971 | D:2      | Identified the +3 leather armour "Kawi" {Dex+4}
  1010 | D:2      | Reached XP level 3. HP: 29/29 MP: 5/5
  1085 | D:1      | Reached skill level 5 in Ranged Weapons
  1159 | D:2      | Reached XP level 4. HP: 22/36 MP: 6/6
  1689 | D:3      | Noticed a steam dragon
  1698 | D:3      | HP: 16/36 [steam dragon/ball of steam (14)]
  1700 | D:3      | HP: 6/36 [steam dragon] (2)]
  1702 | D:3      | Killed from afar by a steam dragon

Illustrated notes

Levels and vault maps discovered:
D:1:      sevenhm_arrival_forest_fort_large_2, layout_basic
D:2:      layout_basic, dreamdust_ecumenical_altar_hidden_monk_grotto
D:3:      layout_basic, nicolae_overflow_ecumenical_swirl, chequers_jeans

Skill      XL: |  1  2  3 |
---------------+----------+-----
Ranged Weapons | 4 5 |  5.6
Fighting       | |  1.7
Dodging        | |  1.7
Stealth        | |  0.8

Action                   |  1- 3 |  4- 6 || total
-------------------------+-------+-------++-------
 Fire: Shortbow          |    83 |    34 ||   117
Armor: Leather armour    |    15 |     7 ||    22
Dodge: Dodged            |    37 |     6 ||    43

Table legend: (Time is in decaauts)
 A = Elapsed time spent in this place.
 B = Non-inter-level travel time spent in this place.
 C = Inter-level travel time spent in this place.
 D = Time resting spent in this place.
 E = Time spent auto-exploring this place.
 F = Levels seen in this place.
 G = Mean time per level.
                   A        B        C        D        E       F      G
               +--------+--------+--------+--------+--------+-----+--------+
         Total |   1738 |   1673 |     65 |      0 |   1399 |   3 |  579.3 |
       Dungeon |   1738 |   1673 |     65 |      0 |   1399 |   3 |  579.3 |
               +--------+--------+--------+--------+--------+-----+--------+

Top non-repeatable levels by time:
     D:1: 882 daAuts
     D:2: 778 daAuts
     D:3: 77 daAuts
